 Dungeon Crawl Stone Soup version 0.21.1-1-g345015fe64 (webtiles) character file.

115336 Naru the Warrior (level 16, -2/127 HPs)
             Began as a Hill Orc Fighter on June 24, 2018.
             Was the Champion of Beogh.
             Slain by a tentacled starspawn (18 damage)
             ... on level 3 of the Abyss.
             The game lasted 01:40:25 (32599 turns).

Naru the Warrior (Hill Orc Fighter)                Turns: 32599, Time: 01:40:25

Health: -2/127     AC: 17    Str: 17      XL:     16   Next: 68%
Magic:  0/18       EV: 14    Int:  3 (4)  God:    Beogh [******]
Gold:   2574       SH: 15    Dex: 11      Spells: 15/15 levels left

rFire    + . .     SeeInvis +   b - +6 broad axe (venom)
rCold    + . .     Gourm    .   N - +2 shield
rNeg     . . .     Faith    .   y - +3 leather armour "Kerani" {rF+ rC+}
rPois    .         Spirit   +   c - +2 hat
rElec    .         Reflect  .   W - +2 cloak
rCorr    .         Harm     .   n - +2 pair of gloves
MR       ++...     Rnd*Rage +   I - +1 pair of boots {Fly}
Stlth    +.........             v - amulet of guardian spirit
HPRegen  0.00/turn              j - ring of see invisible
MPRegen  0.16/turn              Z - ring of protection from magic

@: flying, studying Fighting
A: walk on water, [berserk 2], [blurry vision 3], [clumsy 2], [deformed body],
[deterioration 2], [dopey 2], [frail 2], [low mp 3], [inhibited regeneration],
[weak 2], [MP-powered wands]
a: Smiting, Recall Orcish Followers, Give Item to Named Follower, Resurrection,
Renounce Religion, Stop Flying


You were on level 3 of the Abyss.
You worshipped Beogh.
Beogh was exalted by your worship.
You were not hungry.

You visited 4 branches of the dungeon, and saw 26 of its levels.
You visited the Abyss 1 time.
You also visited: Ossuary.

You collected 2574 gold pieces.

Inventory:

Hand Weapons
 b - a +6 broad axe of venom (weapon)
 z - a +2 trident of piercing
Missiles
 J - 4 javelins of penetration (quivered)
 X - 2 throwing nets
Armour
 c - a +2 hat (worn)
 n - a +2 pair of gloves (worn)
 r - a +0 crystal plate armour
 x - a scarf of cloud immunity
 y - the +3 leather armour "Kerani" (worn) {rF+ rC+}
   (You found it on level 6 of the Lair of Beasts)

   It protects you from fire.
   It protects you from cold.
 I - a +1 pair of boots of flying (worn)
 K - a +2 chain mail of positive energy
 N - a +2 shield (worn)
 W - a +2 cloak (worn)
Jewellery
 d - an uncursed ring of ice
 j - a ring of see invisible (left hand)
 v - an amulet of guardian spirit (around neck)
 Z - a ring of protection from magic (right hand)
Wands
 q - a wand of disintegration (11)
 C - a wand of flame (27)
 Q - a wand of paralysis (10)
Scrolls
 h - 4 scrolls of amnesia
 i - a scroll of vulnerability {unknown}
 k - 9 scrolls of teleportation
 l - 2 scrolls of magic mapping
 A - 6 scrolls of remove curse
 G - 5 scrolls of blinking
 H - 3 scrolls of fear
Potions
 e - 2 potions of berserk rage
 g - 7 potions of agility
 m - 4 potions of lignification
 o - a potion of magic
 s - 2 potions of cancellation
 u - 4 potions of curing
 D - a potion of resistance
 E - 3 potions of haste
 L - a potion of ambrosia
 S - 3 potions of invisibility
 T - a potion of might
Books
 a - a manual of Fighting
Comestibles
 f - 21 rations


   Skills:
 * Level 18.9 Fighting
 - Level 18.0 Axes
 - Level 3.0 Throwing
 + Level 10.8 Armour
 + Level 5.2 Dodging
 - Level 1.0 Stealth
 * Level 14.6 Shields
 - Level 0.7 Unarmed Combat
 * Level 13.3 Invocations
 - Level 0.3 Evocations


You had 15 spell levels left.
You didn't know any spells.

Dungeon Overview and Level Annotations

Branches:
Dungeon (15/15)            Temple (0/1) D:7            Lair (6/6) D:11
  Swamp (0/4) Lair:4       Spider (0/4) Lair:3        Slime (0/5) Lair:6
    Orc (2/2) D:11            Elf (3/3) Orc:2        Vaults (0/5) D:14
 Depths (0/5) D:15

Altars:
Ashenzari
Dithmenos
Fedhas
Gozag
Hepliaklqana
Kikubaaqudgha
Makhleb
Okawaru
Xom

Shops:
D:5 (   D:13 *   Orc:2 (*}!   Elf:2 ?

Portals:
Pandemonium: Orc:2

Annotations:
D:14 exclusion: Roxanne, Roxanne
Lair:2 exclusion: oklob plant
Lair:3 exclusion: 2 oklob plants
Elf:2 3 runed doors


Innate Abilities, Weirdness & Mutations

You can walk on water.
[You often lose your temper in combat.]
[Scrolls take you much longer to read.]
[You are very clumsy. (Dex -4)]
[Armour fits poorly on your strangely shaped body.]
[Your body often deteriorates upon taking damage.]
[You are very dopey. (Int -4)]
[You are very frail. (-20% HP)]
[Your magical capacity is extremely low. (-30% MP)]
[You do not regenerate when monsters are visible.]
[You are very weak. (Str -4)]
[You expend magic power (3 MP) to strengthen your wands.]


Message History

Okay, then.
You feel better. The starspawn tentacle constricts you.
The tentacled starspawn closely misses you.
The tentacled starspawn barely misses you.
You hit the tentacled starspawn.
The starspawn tentacle loses its grip on you.
The tentacled starspawn is moderately damaged.
You hit the starspawn tentacle but do no damage.
You block the starspawn tentacle's attack.
You slash the tentacled starspawn!
The tentacled starspawn is heavily damaged.
You hit the starspawn tentacle. The tentacled starspawn bites you.
* * * LOW HITPOINT WARNING * * *
The tentacled starspawn completely misses you.
You slice the tentacled starspawn!!
The tentacled starspawn is almost destroyed.
You hit the starspawn tentacle.
The starspawn tentacle closely misses you.
The tentacled starspawn bites you!!
You die...

### # .
#.. .#
..#.#..
#.# ....
.####..#
#..##.#..#
#..w#..#.#
#X@.##.#
#w#### ##
#. #


You could see a tentacled starspawn and 2 starspawn tentacles.

Vanquished Creatures
  A lich (Abyss:3)
  A dire elephant (Lair:6)
  A fire dragon (D:13)
  A hydra (Lair:5)
  An ice dragon (D:15)
  2 ogre magi
  10 two-headed ogres
  6 thrashing horrors (Abyss:3)
  3 orc high priests (Orc:2)
  Urug (D:10)
  7 deep elf knights
  Nergalle (Lair:4)
  A wretched star (Abyss:3)
  A sixfirhy (Abyss:3)
  3 unseen horrors
  2 torturous demonspawn (Orc:2)
  An infernal demonspawn (Orc:2)
  3 orc knights (Orc:2)
  3 deep elf archers (Elf:2)
  A manticore (D:12)
  18 deep elf magi
  3 cyclopes (D:13)
  7 orc sorcerers (Orc:2)
  A worldbinder (Abyss:3)
  A guardian serpent (shapeshifter) (D:14)
  3 elephants
  6 ugly things
  Maurice (D:7)
  A black mamba (Lair:2)
  Joseph (D:10)
  A smoke demon (Abyss:3)
  A spiny frog (Lair:2)
  2 gargoyles (D:12)
  3 komodo dragons
  2 efreet
  A hellwing (Abyss:3)
  A red devil (Orc:2)
  A polar bear (Lair:2)
  5 trolls
  2 raiju (Abyss:3)
  The ghost of theo the Chopper, an amateur HuFi (D:4)
  3 tyrant leeches (Abyss:3)
  5 slime creatures
  2 blink frogs (Lair:1)
  A dream sheep (Lair:6)
  3 hippogriffs
  A flying skull (Abyss:3)
  2 large abominations (Abyss:3)
  A wyvern (D:13)
  3 wraiths
  21 yaks
  A basilisk (Lair:6)
  A fire elemental (Elf:2)
  Eustachio (D:4)
  A hungry ghost (D:14)
  A chaos spawn (Orc:2)
  2 porcupines
  7 water moccasins
  3 ice beasts
  11 orc warriors
  4 sky beasts
  A black bear (D:6)
  A phantom (D:10)
  7 centaurs
  12 ogres
  6 crocodiles
  5 small abominations (Abyss:3)
  5 big kobolds
  8 bullfrogs
  4 earth elementals (Abyss:3)
  7 gnoll sergeants
  An elf skeleton (D:6)
  A water moccasin zombie (D:5)
  5 scorpions
  2 killer bees (D:12)
  5 wights (D:12)
  2 howler monkeys
  8 crimson imps
  2 bullfrog zombies
  A centaur zombie (D:9)
  2 quasits
  7 orc priests
  2 hounds
  A gnoll shaman (D:6)
  5 jellies
  2 centaur skeletons
  3 human skeletons (D:6)
  4 iguanas
  Natasha (thrice) (D:3)
  9 orc wizards
  5 worker ants
  A hell rat (Lair:1)
  A hound zombie (D:9)
  3 hound skeletons
  A mummy (Ossuary)
  A worker ant zombie (D:7)
  18 gnolls
  18 adders
  2 river rats (Lair:1)
  3 shadow imps
  An ufetubus (Abyss:3)
  8 oozes
  An adder skeleton (D:4)
  4 worms
  2 dart slugs
  3 leopard geckos
  21 orcs
  3 giant cockroaches
  9 goblins
  6 hobgoblins
  7 jackals
  2 quokkas
  A ball python (D:7)
  2 bats
  6 frilled lizards
  7 gnoll skeletons (Ossuary)
  2 jackal skeletons
  24 kobolds
  5 kobold skeletons (Ossuary)
  A leopard gecko skeleton (D:4)
  14 orc skeletons
  An orc zombie (D:6)
  6 rats
  3 fungi
  8 plants
507 creatures vanquished.

Vanquished Creatures (collateral kills)
  Rupert (Lair:5)
  Gastronok (Lair:1)
  Agnes (D:14)
  A deep elf sorcerer (Elf:3)
  5 dire elephants (Lair:6)
  A deep elf death mage (Elf:2)
  The ghost of lox123 the Blocker, a journeyman FoFi of Trog (D:11)
  3 ogre magi (D:15)
  Fannar (Lair:1)
  The ghost of kajmaj the Geomancer, a journeyman GrEE of Vehumet (Lair:2)
  6 hydras
  An ice dragon (D:15)
  A catoblepas (Lair:6)
  An anaconda (Lair:6)
  4 vault guards (D:14)
  19 two-headed ogres
  5 dancing weapons (Elf:2)
  A tengu warrior (D:14)
  3 deep elf knights
  A skeletal warrior (D:14)
  A sixfirhy (Orc:2)
  The ghost of WobbleTop the Covert, a novice VSEn of Zin (D:11)
  4 deep elf archers
  An orc knight (Orc:2)
  15 deep elf magi
  10 ugly things
  3 manticores
  An orc sorcerer (Orc:1)
  2 cyclopes (D:14)
  5 centaur zombies
  2 black mambas
  10 elephants
  3 gargoyles
  A rust devil (Orc:2)
  11 spiny frogs
  A kobold demonologist (D:14)
  2 efreet
  3 komodo dragons
  A freezing wraith (D:12)
  A hornet (shapeshifter) (D:14)
  5 trolls
  A meliai (shapeshifter) (D:12)
  A harpy skeleton (D:15)
  15 blink frogs
  6 hippogriffs
  3 slime creatures
  5 dream sheep (Lair:6)
  2 meliai zombies
  2 air elementals
  A vampire (D:12)
  3 wyverns
  2 basilisks
  17 yaks
  2 vampire mosquitoes (D:13)
  3 wargs (D:11)
  An acid dragon (shapeshifter) (D:13)
  2 soldier ants
  3 water moccasins
  2 porcupines
  6 orc warriors
  An ice beast (D:10)
  An eye of draining (D:12)
  2 phantoms (D:10)
  6 ogres
  12 centaurs
  7 crocodiles
  A big kobold (D:8)
  14 bullfrogs
  A wyvern skeleton (D:10)
  A scorpion (D:9)
  A water moccasin skeleton (D:11)
  2 killer bees (D:12)
  3 wights (D:12)
  2 jellies
  2 hounds
  A quasit (D:15)
  2 centaur skeletons
  9 orc priests
  2 bullfrog skeletons
  2 iguanas (D:10)
  A hell rat (Lair:1)
  A worker ant (D:9)
  3 gnolls (D:9)
  3 adders
  5 river rats (Lair:1)
  5 orcs
  2 jackals (D:11)
  A quokka (D:10)
  10 kobolds
  A rat (Lair:1)
  10 fungi
  11 plants
343 creatures vanquished.

Vanquished Creatures (others)
  2 orc high priests
  2 orc knights
  2 deep elf magi (Elf:1)
  A water elemental (Elf:1)
  11 orc warriors
  10 orc priests
  A hound (D:13)
  5 orc wizards
  38 orcs
  A goblin (D:3)
  2 fungi (Lair:3)
  3 plants
78 creatures vanquished.

Grand Total: 928 creatures vanquished

Notes
Turn   | Place    | Note
-------+----------+-------------------------------------------
     0 | D:1      | Naru the Hill Orc Fighter began the quest for the Orb.
     0 | D:1      | Reached XP level 1. HP: 19/19 MP: 1/1
   237 | D:1      | Reached XP level 2. HP: 21/27 MP: 2/2
   621 | D:2      | Reached XP level 3. HP: 33/33 MP: 3/3
   973 | D:2      | Reached skill level 1 in Throwing
   973 | D:2      | Reached XP level 4. HP: 35/41 MP: 4/4
  1079 | D:2      | Found a shattered altar of Ashenzari.
  1396 | D:3      | Became a worshipper of Beogh the Brigand
  1397 | D:3      | Reached XP level 5. HP: 39/47 MP: 5/5
  1462 | D:3      | Noticed a sky beast
  1480 | D:3      | Killed a sky beast
  1643 | D:3      | Reached XP level 6. HP: 53/53 MP: 6/6
  1645 | D:3      | Reached skill level 5 in Axes
  1916 | D:3      | Noticed Natasha
  1939 | D:3      | Reached skill level 5 in Fighting
  1947 | D:3      | Killed Natasha
  1947 | D:3      | Reached * piety under Beogh
  2183 | D:4      | Noticed theo's ghost (amateur HuFi)
  2194 | D:4      | Killed theo's ghost
  2194 | D:4      | Reached skill level 1 in Dodging
  2194 | D:4      | Reached XP level 7. HP: 37/61 MP: 7/7
  2332 | D:3      | Noticed Natasha
  2343 | D:3      | Killed Natasha
  2372 | D:3      | Noticed Natasha
  2385 | D:3      | Killed Natasha
  3170 | D:4      | Noticed Eustachio
  3410 | D:4      | Killed Eustachio
  3410 | D:4      | Reached XP level 8. HP: 70/70 MP: 8/8
  4001 | D:5      | Entered Level 5 of the Dungeon
  4028 | D:5      | Found Cang's Weapon Emporium.
  4126 | D:5      | Found a burning altar of Makhleb.
  4218 | D:5      | Reached skill level 1 in Invocations
  4608 | D:5      | Reached ** piety under Beogh
  5600 | D:6      | Reached skill level 5 in Shields
  5754 | D:6      | Reached skill level 5 in Armour
  5754 | D:6      | Reached XP level 9. HP: 72/78 MP: 10/10
  5820 | D:6      | Found a sand-covered staircase.
  5826 | D:6      | Reached skill level 10 in Axes
  5847 | Ossuary  | Entered an ossuary
  6048 | Ossuary  | Reached *** piety under Beogh
  6146 | D:6      | Identified a scroll of acquirement
  6434 | D:6      | Found an opulent altar of Gozag.
  6664 | D:6      | Found a blossoming altar of Fedhas.
  7157 | D:7      | Found a staircase to the Ecumenical Temple.
  7733 | D:8      | Noticed Maurice
  7803 | D:7      | Killed Maurice
  8001 | D:8      | Reached **** piety under Beogh
  8035 | D:8      | Reached XP level 10. HP: 87/88 MP: 13/13
  9134 | D:9      | Reached skill level 5 in Invocations
  9549 | D:9      | Noticed a two-headed ogre
  9567 | D:9      | Killed a two-headed ogre
  9613 | D:9      | Found a shadowy altar of Dithmenos.
  9726 | D:9      | Found an iron altar of Okawaru.
 10083 | D:10     | Entered Level 10 of the Dungeon
 10093 | D:10     | Noticed a purple ugly thing
 10106 | D:10     | Killed a purple ugly thing
 10388 | D:10     | Noticed Joseph
 10399 | D:10     | Killed Joseph
 10476 | D:10     | Got a jewelled long sword
 10707 | D:10     | Noticed Urug
 10721 | D:10     | Killed Urug
 10721 | D:10     | Reached XP level 11. HP: 58/97 MP: 9/15
 10731 | D:10     | Identified the +3 long sword of Plog {freeze, MR+} (You found it on level 10 of the Dungeon)
 11277 | D:10     | Noticed a two-headed ogre
 11282 | D:10     | Killed a two-headed ogre
 11282 | D:10     | Reached ***** piety under Beogh
 11282 | D:10     | Reached skill level 1 in Stealth
 11338 | D:11     | Noticed a two-headed ogre
 11342 | D:11     | Killed a two-headed ogre
 11559 | D:11     | Found a staircase to the Lair.
 11571 | D:11     | Noticed a manticore
 11579 | D:11     | Killed a manticore
 11613 | D:11     | Noticed lox123's ghost (journeyman FoFi)
 11618 | D:11     | Killed lox123's ghost
 11618 | D:11     | Reached skill level 10 in Fighting
 12262 | D:11     | Gained Zorug as an ally
 12326 | D:11     | Noticed WobbleTop's ghost (novice VSEn)
 12332 | D:11     | Killed WobbleTop's ghost
 12606 | D:11     | Found a staircase to the Orcish Mines.
 12653 | D:11     | Reached skill level 15 in Axes
 12653 | D:11     | Gained Dorog as an ally
 13069 | D:11     | Noticed a green ugly thing
 13074 | D:11     | Killed a green ugly thing
 13178 | Lair:1   | Entered Level 1 of the Lair of Beasts
 13178 | Lair:1   | Noticed Gastronok
 13182 | Lair:1   | Your ally Zorug died
 13190 | Lair:1   | Killed Gastronok
 13357 | Lair:1   | Noticed Fannar
 13365 | Lair:1   | Killed Fannar
 13365 | Lair:1   | Reached XP level 12. HP: 107/107 MP: 18/18
 13838 | Lair:1   | Got a heavily runed chain mail
 13853 | Lair:1   | Identified the cursed +0 chain mail "Amuweupe" {rN+ MR- rCorr} (You found it on level 1 of the Lair of Beasts)
 14567 | Lair:2   | Noticed kajmaj's ghost (journeyman GrEE)
 14578 | Lair:2   | Killed kajmaj's ghost
 15326 | Lair:3   | Reached ****** piety under Beogh
 15773 | Lair:3   | Got a smoking hand axe
 15781 | Lair:3   | Identified the +4 hand axe "Worm's Wrath" {chop, rC++ MR- Str+4} (You found it on level 3 of the Lair of Beasts)
 16053 | Lair:3   | Found a hole to the Spider Nest.
 16525 | Lair:4   | Found a staircase to the Swamp.
 16814 | Lair:4   | Noticed Nergalle
 16822 | Lair:4   | Killed Nergalle
 17425 | Lair:5   | Noticed a six-headed hydra
 17431 | Lair:5   | Killed a seven-headed hydra
 17431 | Lair:5   | Reached XP level 13. HP: 100/117 MP: 17/20
 17609 | Lair:5   | Noticed Rupert
 17620 | Lair:5   | Killed Rupert
 17781 | Lair:5   | Gained Berold as an ally
 18388 | Lair:6   | Entered Level 6 of the Lair of Beasts
 18410 | Lair:6   | Reached skill level 10 in Invocations
 19149 | Lair:6   | Found a staircase to the Slime Pits.
 19777 | Lair:6   | Noticed a dire elephant
 19782 | Lair:6   | Noticed a dire elephant
 19782 | Lair:6   | Noticed a dire elephant
 19789 | Lair:6   | Killed a dire elephant
 19789 | Lair:6   | Reached skill level 10 in Armour
 19791 | Lair:6   | Killed a dire elephant
 19813 | Lair:6   | Got a smoking leather armour
 19828 | Lair:6   | Identified the +3 leather armour "Kerani" {rF+ rC+} (You found it on level 6 of the Lair of Beasts)
 19889 | Lair:6   | Killed a dire elephant
 20085 | Lair:6   | Noticed a dire elephant
 20086 | Lair:6   | Noticed a dire elephant
 20090 | Lair:6   | Noticed a dire elephant
 20097 | Lair:6   | Killed a dire elephant
 20103 | Lair:6   | Killed a dire elephant
 20130 | Lair:6   | Killed a dire elephant
 20130 | Lair:6   | Reached XP level 14. HP: 110/129 MP: 22/22
 20489 | Orc:1    | Entered Level 1 of the Orcish Mines
 21264 | Orc:2    | Entered Level 2 of the Orcish Mines
 21583 | Orc:2    | Gained Ugbert as an ally
 21586 | Orc:2    | Reached skill level 10 in Shields
 21629 | Orc:2    | Found Nilypp's Distillery.
 21632 | Orc:2    | Found Ykhlesel's General Store.
 22171 | Orc:2    | Found a staircase to the Elven Halls.
 23682 | Orc:2    | Paralysed by an orc sorcerer for 6 turns
 24024 | Orc:2    | Found Ycsoun Fahye's Gadget Shoppe.
 24024 | Orc:2    | Found Punweobb's Antique Weapon Emporium.
 24031 | Orc:2    | Found a one-way gate leading to the halls of Pandemonium.
 25135 | D:12     | Gained Boldo as an ally
 25203 | D:12     | Found a hazy altar of Hepliaklqana.
 25203 | D:12     | Found an opulent altar of Gozag.
 25230 | D:12     | Identified Maobefem's Grimoire of Assistive Intoxication
 25357 | D:12     | Found an ancient bone altar of Kikubaaqudgha.
 25357 | D:12     | Found a shimmering altar of Xom.
 25452 | D:13     | Found Plog's Island Escapes.
 25595 | D:13     | Reached skill level 15 in Fighting
 25634 | D:13     | Gained Bogfrid as an ally
 25969 | D:13     | Identified the Handbook of Stones and Ice
 26242 | D:13     | Reached XP level 15. HP: 141/141 MP: 23/23
 27060 | D:14     | Noticed Roxanne
 27181 | D:14     | Gained Garbold as an ally
 27223 | D:14     | Noticed Agnes
 27227 | D:14     | Killed Agnes
 27306 | D:14     | Found a gate to the Vaults.
 27955 | D:15     | Entered Level 15 of the Dungeon
 28178 | D:15     | Found a burning altar of Makhleb.
 28916 | D:15     | Found a staircase to the Depths.
 29462 | Elf:1    | Entered Level 1 of the Elven Halls
 29487 | Elf:1    | Gained Worak as an ally
 30418 | Elf:2    | Found Coolaj's Magic Scroll Emporium.
 30462 | Elf:2    | Reached XP level 16. HP: 129/154 MP: 20/25
 31025 | Elf:2    | Found a runed gate.
 31025 | Elf:2    | Found a runed gate.
 31026 | Elf:2    | Found a runed gate.
 31655 | Elf:3    | Entered Level 3 of the Elven Halls
 32005 | Elf:3    | Noticed an Executioner
 32006 | Elf:3    | Cast into level 3 of the Abyss (a deep elf demonologist)
 32006 | Abyss:3  | Found a corrupted altar of Lugonu.
 32313 | Abyss:3  | Reached skill level 5 in Dodging
 32322 | Abyss:3  | Noticed a lich
 32345 | Abyss:3  | Killed a lich
 32589 | Abyss:3  | Noticed a tentacled starspawn
 32594 | Abyss:3  | HP: 5/127 [tentacled starspawn (4)]
 32599 | Abyss:3  | Slain by a tentacled starspawn

Skill      XL: |  1  2  3  4  5  6  7  8  9 10 11 12 13 14 15 16 |
---------------+-------------------------------------------------+-----
Fighting       | 4 5 6 8 9 10 11 13 15 16 18 | 18.9
Axes           | 3 4 6 7 9 12 13 15 17 18 | 18.0
Throwing       | 1 2 3 |  3.0
Shields        | 4 5 6 7 9 11 13 14 | 14.6
Armour         | 4 5 6 7 8 10 | 10.8
Dodging        | 1 2 3 4 5 |  5.2
Invocations    | 2 4 6 8 9 10 11 12 13 | 13.3
Stealth        | 1 |  1.0
Unarmed Combat | |  0.7
Evocations     | |  0.3

Action                   |  1- 3 |  4- 6 |  7- 9 | 10-12 | 13-15 | 16-18 || total
-------------------------+-------+-------+-------+-------+-------+-------++-------
Melee: War axe           |    71 |   172 |   320 |       |       |       ||   563
       Broad axe         |       |       |   116 |   357 |   655 |   227 ||  1355
       Unarmed           |       |       |    16 |       |       |       ||    16
Throw: Tomahawk          |       |       |     9 |       |       |       ||     9
       Javelin           |       |       |       |       |    11 |       ||    11
       Throwing net      |       |       |       |       |     3 |       ||     3
Invok: Convert to Beogh  |       |     1 |       |       |       |       ||     1
       Give Item to Name |       |       |       |     1 |     2 |       ||     3
       Recall Orcish Fol |       |       |       |     1 |     1 |     3 ||     5
       Stop Recall       |       |       |       |       |     1 |     1 ||     2
       Resurrection      |       |       |       |       |     1 |       ||     1
Evoke: Wand              |       |       |     2 |     1 |     9 |     2 ||    14
  Use: Potion            |       |     1 |     1 |     3 |     1 |     5 ||    11
       Scroll            |       |       |    25 |    13 |    11 |     4 ||    53
 Stab: Distracted        |       |       |       |     5 |     5 |     1 ||    11
       Sleeping          |       |       |       |       |     1 |       ||     1
       Invisible         |       |       |       |       |       |     3 ||     3
  Eat: Chunk             |       |     5 |     6 |     5 |    10 |       ||    26
       Ration            |       |       |     4 |     7 |    10 |     2 ||    23
Armor: Scale mail        |    43 |    74 |   114 |       |       |       ||   231
       Chain mail        |       |       |    81 |   123 |       |       ||   204
       Plate armour      |       |       |       |    46 |    77 |       ||   123
       Leather armour    |       |       |       |       |   148 |    88 ||   236
Dodge: Dodged            |    22 |    60 |   146 |    96 |   223 |    92 ||   639
Block: Shield            |    39 |   105 |   212 |   189 |   394 |   174 ||  1113
